Map: Acid Plant LE

Players

Future - Winner!

  • Race: Terran Terran
  • Spawn Location: 11:00

Raze

  • Race: Protoss Protoss
  • Spawn Location: 5:00

Event: WCS Austin 2018

VOD

Have the link to the VOD?

Description

Time

  • Played on: June 1, 2018, 5:33 p.m.
  • Length: 13:00

All games in this series

Show
View Real Time Build Order
Export as new Build Order

Future Terran - Winner!

Build Orders: Reaper Expand, MMM Bio 

Get SALT Encoding   

  12  0:00  SCV  
  13  0:13  SCV  
  14  0:17  Supply Depot  
  14  0:25  SCV  
  15  0:38  SCV  
  15  0:39  Barracks  
  16  0:44  Refinery  
  16  0:50  SCV  
  17  1:02  SCV  
  18  1:15  SCV  
  19  1:27  Orbital Command, Reaper  
  20  1:45  Command Center  
  20  1:53  SCV  
  21  1:58  Marine  
  22  2:04  Supply Depot  
  22  2:06  SCV  
  23  2:13  Factory  
  23  2:17  Refinery  
  23  2:24  Barracks Reactor  
  23  2:25  SCV  
  24  2:38  SCV  
  25  2:50  SCV  
  26  2:57  Orbital Command  
  26  2:59  Starport  
  26  3:00  Widow Mine  
  26  3:02  Marine x2, SCV  
  31  3:14  SCV  
  31  3:20  Marine x2  
  31  3:21  Widow Mine  
  31  3:23  SCV  
  31  3:26  SCV  
  37  3:28  Barracks  
  37  3:32  Supply Depot  
  37  3:35  SCV  
  37  3:38  SCV  
  39  3:41  Viking  
  39  3:46  Factory Tech Lab  
  39  3:48  SCV  
  42  3:50  Marine, SCV  
  42  3:51  Marine  
  45  4:00  SCV  
  45  4:02  Barracks, SCV  
  47  4:05  Supply Depot  
  47  4:14  SCV x2  
  47  4:15  Starport Tech Lab  
  49  4:19  Engineering Bay  
  49  4:21  Factory Reactor  
  49  4:22  Supply Depot  
  49  4:25  Stimpack, Marine x2  
  49  4:28  SCV  
  49  4:30  Marine  
  52  4:32  SCV  
  52  4:35  Refinery  
  53  4:39  Bunker  
  53  4:40  SCV  
  53  4:43  Starport Reactor  
  53  4:44  SCV  
  55  4:45  Terran Infantry Weapons Level 1  
  55  4:52  SCV  
  56  4:53  Marine, Supply Depot  
  56  4:54  Marine  
  56  4:56  SCV  
  56  4:57  Combat Shields  
  59  5:00  Widow Mine  
  59  5:01  Widow Mine  
  59  5:04  SCV  
  62  5:08  SCV  
  62  5:10  Marine x2  
  62  5:11  Marine  
  66  5:15  Supply Depot  
  66  5:16  SCV  
  66  5:20  SCV  
  68  5:22  Marine  
  68  5:28  Refinery, Widow Mine x2  
  75  5:29  SCV  
  75  5:31  Marauder x2  
  78  5:37  Marine, SCV  
  78  5:39  Supply Depot x2  
  81  5:44  Marine  
  81  5:47  Medivac x2  
  85  6:01  Marauder x2, Widow Mine x2  
  85  6:02  Supply Depot x2  
  93  6:04  Marine x2  
  93  6:10  Supply Depot  
  95  6:16  Missile Turret  
  95  6:21  Medivac x2  
  95  6:22  Marauder, Marine  
  95  6:23  Marine  
  95  6:24  Marauder  
  105  6:27  Widow Mine x2  
  109  6:37  SCV  
  110  6:41  Marine x2  
  110  6:45  Command Center  
  112  6:48  Marauder x2  
  112  6:53  Supply Depot  
  116  7:00  Liberator  
  116  7:01  Liberator  
  111  7:15  Marauder x2  
  108  7:16  Marine  
  108  7:21  Barracks x2  
  109  7:34  Armory, Engineering Bay  
  109  7:37  Marauder  
  101  7:39  Marauder, Marine  
  98  7:51  Marine  
  98  7:54  Widow Mine x2  
  98  7:57  Marine  
  98  7:58  Marauder  
  104  8:00  Marauder, SCV  
  104  8:01  SCV  
  108  8:07  Orbital Command  
  106  8:13  SCV  
  106  8:19  Marauder, Marine x2  
  102  8:20  Barracks Tech Lab  
  102  8:21  Barracks Reactor  
  102  8:22  Marauder  
  95  8:31  SCV x2  
  93  8:35  Viking x2  
  93  8:36  SCV  
  93  8:40  Marauder, Marine x2  
  98  8:43  SCV  
  98  8:48  Marauder x2  
  103  8:50  SCV x2  
  103  8:52  Terran Infantry Weapons Level 2  
  103  8:55  SCV, Terran Infantry Armor Level 1  
  105  8:59  Marine x2  
  105  9:00  Marine x2  
  105  9:02  Marauder, SCV x2  
  114  9:06  Viking x2  
  118  9:11  SCV  
  118  9:14  SCV x2  
  118  9:16  Marauder x2  
  125  9:17  Marine x4  
  125  9:23  Marauder  
  131  9:35  Marine x4  
  131  9:36  Viking x2  
  131  9:37  Marauder x2  
  131  9:38  Terran Ship Weapons Level 1  
  143  9:40  Starport  
  143  9:44  Marauder  
  145  9:51  Supply Depot x3  
  145  9:53  Supply Depot  
  145  9:54  Marine x3  
  145  9:58  Refinery x2, Marauder  
  145  9:59  Marauder  
  152  10:01  Marine  
  152  10:06  Marauder  
  155  10:12  Liberator x2, Marine x2  
  155  10:13  Liberator x2  
  156  10:20  Marauder  
  138  10:23  Marauder  
  138  10:26  Marine x2  
  138  10:27  Marauder  
  137  10:41  Marauder  
  117  10:44  Marauder  
  117  10:49  Marauder  
  114  10:50  Marine x3  
  117  11:03  Marauder  
  119  11:05  Marauder  
  119  11:06  Marine  
  119  11:08  Marine x2  
  119  11:10  Marauder, Marine  
  127  11:12  Command Center  
  127  11:21  Liberator  
  127  11:24  Marauder, Marine  
  97  11:25  Liberator  
  130  11:26  Liberator, Marine  
  130  11:27  Marauder  
  130  11:31  Marauder, Concussive Shells  
  135  11:37  Marine x2  
  140  11:42  Marine  
  147  11:48  Marauder, Marine  
  142  12:13  SCV x3  
  142  12:14  Marauder x2, Marine  
  142  12:15  Marauder, Marine x3  
  155  12:25  SCV  
  142  12:32  Marine  
  142  12:36  Marauder x3  
Show
View Real Time Build Order
Export as new Build Order

Raze Protoss 

Build Orders: 1 Gate Expand, Phoenix Opening, Colossus Rush 

Get SALT Encoding   

  12  0:00  Probe  
  13  0:13  Probe  
  14  0:17  Pylon  
  14  0:23  Probe  
  15  0:31  Probe  
  16  0:38  Gateway  
  16  0:39  Probe  
  16  0:46  Assimilator  
  17  0:51  Probe  
  18  1:04  Probe  
  19  1:20  Nexus  
  19  1:31  Cybernetics Core  
  19  1:37  Assimilator  
  19  1:40  Probe  
  20  1:51  Pylon  
  20  1:52  Probe  
  21  2:00  Adept  
  21  2:02  Probe  
  22  2:10  Probe  
  25  2:18  Stargate, Probe  
  26  2:25  Warp Gate  
  25  2:33  Adept, Probe  
  28  2:39  Probe  
  28  2:41  Probe  
  29  2:50  Probe  
  29  2:51  Probe  
  32  3:02  Probe  
  32  3:03  Phoenix, Probe  
  36  3:13  Probe  
  36  3:15  Probe  
  38  3:20  Robotics Facility  
  38  3:21  Probe  
  39  3:28  Probe  
  39  3:29  Probe  
  39  3:31  Phoenix  
  43  3:38  Pylon  
  43  3:40  Probe  
  43  3:41  Probe  
  44  3:48  Assimilator  
  45  3:54  Probe  
  46  3:55  Probe  
  46  3:57  Phoenix  
  46  4:02  Probe  
  49  4:04  Assimilator  
  49  4:06  Pylon  
  49  4:07  Probe  
  51  4:15  Probe  
  51  4:17  Robotics Bay  
  51  4:19  Probe  
  53  4:27  Probe  
  53  4:31  Immortal  
  58  4:34  Gateway  
  58  4:37  Gateway  
  58  4:41  Pylon  
  58  4:43  Probe  
  59  4:52  Forge  
  59  4:55  Sentry  
  59  4:57  Pylon  
  61  5:02  Colossus  
  59  5:07  Phoenix  
  59  5:12  Protoss Ground Armor Level 1  
  65  5:28  Nexus  
  65  5:30  Extended Thermal Lance  
  65  5:34  Pylon  
  65  5:43  Probe x2  
  65  5:46  Colossus  
  65  5:48  Gateway, Sentry  
  69  5:57  Pylon  
  73  6:08  Pylon  
  73  6:11  Probe x2  
  73  6:16  Stalker, Twilight Council  
  73  6:17  Stalker  
  79  6:22  Stalker  
  79  6:24  Probe x2  
  83  6:28  Colossus  
  83  6:37  Pylon  
  83  6:42  Probe x2  
  83  6:45  Stalker  
  93  6:49  Pylon  
  93  6:53  Stalker  
  95  6:56  Probe x2  
  97  7:06  Colossus  
  93  7:14  Stalker x3  
  71  7:28  Adept  
  64  7:43  Stalker  
  64  7:44  Stalker  
  68  7:50  Probe x2  
  68  7:51  Probe  
  69  7:54  Colossus  
  65  8:02  Probe  
  65  8:05  Zealot x2  
  70  8:08  Probe x2  
  70  8:11  Adept x2  
  81  8:14  Probe  
  81  8:17  Protoss Ground Weapons Level 1  
  78  8:26  Probe x2  
  78  8:27  Adept x2, Probe  
  72  8:38  Probe x2  
  72  8:39  Probe  
  75  8:41  Observer  
  75  8:45  Gateway  
  76  8:50  Assimilator  
  76  8:51  Gateway  
  76  8:55  Assimilator, Blink  
  76  8:56  Pylon  
  75  9:08  Disruptor  
  78  9:12  Shield Battery  
  78  9:13  Pylon  
  78  9:19  Stalker x2  
  78  9:20  Zealot x2  
  86  9:27  Photon Cannon  
  86  9:33  Pylon, Disruptor  
  86  9:35  Observer  
  86  9:36  Probe  
  86  9:37  Probe x2  
  92  9:46  Stalker x2  
  92  9:49  Probe  
  97  9:54  Stalker  
  97  9:55  Stalker  
  97  9:58  Probe x2  
  103  10:01  Probe  
  104  10:10  Stalker x3  
  104  10:13  Probe x2  
  103  10:24  Stalker  
  103  10:25  Colossus, Probe  
  91  10:35  Probe x2  
  98  10:41  Stalker x2  
  102  10:46  Probe  
  102  10:47  Probe  
  104  10:51  Probe  
  105  10:59  Probe  
  105  11:03  Colossus  
  106  11:23  Stalker x3  
  118  11:29  Zealot x3  
  124  11:40  Robotics Facility  
  124  11:51  Pylon  
  124  11:53  Nexus, Pylon  
  124  11:54  Pylon  
  115  11:55  Nexus  
  114  12:09  Disruptor  
  113  12:18  Stalker x2  
  113  12:19  Pylon  
  103  12:35  Stalker x3  
  70  12:52  Stalker x2  
  70  12:56  Stalker  
Tags
 
Add a new tag
Caveats
  • Supply blocks, unpowered buildings, or Contaminate may cause inaccurate times.
  • Supply counts are checked every 10 seconds.